 Dungeon Crawl Stone Soup version 0.32-a0-314-g526f7d4993 (webtiles) character file.

Game seed: 16000903165366325877

205 juan097 the Shield-Bearer (level 5, -8/47 HPs)
             Began as a Minotaur Fighter on Feb 15, 2024.
             Killed by nerve-wracking pain
             ... invoked by Grinder
              (14 damage)
             ... while paralysed by Grinder
             ... on level 3 of the Dungeon.
             The game lasted 00:03:18 (1952 turns).

juan097 the Shield-Bearer (Minotaur Fighter)        Turns: 1952, Time: 00:03:18

Health: -8/47      AC:  7    Str: 23    XL:     5   Next: 52%
Magic:  4/4        EV:  2    Int:  5    God:
Gold:   105        SH:  0    Dex:  9    Spells: 4/4 levels left

rFire   . . .        a - +0 war axe
rCold   . . .        c - +0 buckler
rNeg    . . .        b - +0 scale mail
rPois   .            (helmet restricted)
rElec   .            (no cloak)
rCorr   .            (no gloves)
SInv    .            (no boots)
Will    .....        (no amulet) Stlth
                     (no ring)
HPRegen 0.27/turn    (no ring)
MPRegen 0.09/turn

%: no passive effects
@: paralysed
A: horns 2, retaliatory headbutt
a: no special abilities


You were on level 3 of the Dungeon.
You visited 1 branch of the dungeon, and saw 3 of its levels.

You collected 105 gold pieces.

Inventory:

Hand Weapons
 a - a +0 war axe (weapon)
Armour
 b - a +0 scale mail (worn)
 c - a +0 buckler (worn)
Scrolls
 f - a scroll of torment {unknown}
 h - 3 scrolls of identify {unknown}
 i - a scroll of silence {unknown}
 j - a scroll of fog {unknown}
 k - a scroll of revelation {unknown}
 l - a scroll of enchant armour {unknown}
Potions
 d - a potion of might
 e - a potion of cancellation {unknown}
 g - a potion of curing {unknown}
 m - a potion of heal wounds {unknown}
 n - a potion of ambrosia {unknown}


   Skills:
 + Level 4.6 Fighting
 + Level 3.6 Axes
 - Level 4.0 Armour
 - Level 2.0 Dodging
 + Level 1.6 Stealth
 - Level 5.0 Shields


You had 4 spell levels left.
You didn't know any spells.
Your spell library was empty.

Dungeon Overview and Level Annotations

Branches:
Dungeon (3/15)

Altars:

Shops:
D:1 :

Annotations:
D:2 1 runed translucent door, Crazy Yiuf
D:3 Grinder


Innate Abilities, Weirdness & Mutations

You have a pair of horns on your head.
You reflexively headbutt those who attack you in melee.


Message History

Grinder blinks!
Things that are here:
a +0 whip; a kobold corpse Grinder barely misses you.
You closely miss Grinder. Grinder barely misses you.
You hit Grinder. Your headbutt misses Grinder.
Grinder is lightly wounded.
Grinder gestures at you. You resist with significant effort.
You closely miss Grinder. Your headbutt misses Grinder.
Grinder is lightly wounded.
Grinder gestures at you. Pain shoots through your body!
Grinder hits you but does no damage.
You hit Grinder.
Grinder is moderately wounded.
Grinder hits you.
You writhe in agony.
You closely miss Grinder.
Grinder is moderately wounded.
Grinder sighs, "No one appreciates my work."
Grinder hits you.
You writhe in agony.
Grinder closely misses you.
You closely miss Grinder.
Grinder is moderately wounded.
You block Grinder's attack.
You slash Grinder!
Grinder is heavily wounded.
Grinder hits you.
* * * LOW HITPOINT WARNING * * *
You writhe in agony.
* * * LOW HITPOINT WARNING * * *
You barely miss Grinder.
Grinder is heavily wounded.
Grinder barely misses you. You furiously retaliate!
You headbutt Grinder! Grinder gestures at you.
You suddenly lose the ability to move!
Grinder hits you.
* * * LOW HITPOINT WARNING * * *
Grinder gestures at you. Pain shoots through your body!
You die...
Grinder sighs, "Dead already?
I want a refund."

≈≈≈≈≈≈≈≈≈≈≈≈≈≈≈
~≈≈≈≈≈≈≈≈≈≈≈≈≈≈
~5~~~~~≈≈~~≈~~~
~~~~~~~~~.~~~~~
...............
.................
##########.#
...##.
.........).#
.>...
##########@##
...# #.5####...#
##........#
##.......#
#....###########
#...........<...
#....###......##
#....###.######
#######..#


You could see Grinder.

Vanquished Creatures
  Pargi (D:3)
  3 adders
  A dart slug (D:2)
  A ribbon worm (D:2)
  5 endoplasms
  3 giant cockroaches
  6 goblins
  6 hobgoblins
  3 quokkas
  4 ball pythons
  A bat (D:2)
  5 kobolds
  6 rats
45 creatures vanquished.

Notes
Turn   | Place    | Note
-------+----------+-------------------------------------------
     0 | D:1      | juan097 the Minotaur Fighter began the quest for the Orb.
     0 | D:1      | Reached XP level 1. HP: 19/19 MP: 0/0
   136 | D:1      | Reached XP level 2. HP: 25/27 MP: 1/1
   328 | D:1      | Found Xiog's Book Shop.
   388 | D:1      | You fall into a shaft and drop 1 floor!
   404 | D:2      | Reached skill level 4 in Shields
   806 | D:1      | Reached XP level 3. HP: 33/33 MP: 2/2
  1112 | D:2      | Reached skill level 1 in Dodging
  1366 | D:2      | Reached XP level 4. HP: 33/40 MP: 3/3
  1600 | D:2      | Found a runed translucent door.
  1601 | D:2      | Noticed Crazy Yiuf
  1627 | D:3      | Noticed Grinder
  1628 | D:3      | Paralysed by Grinder for 4 turns
  1636 | D:2      | Reached skill level 1 in Stealth
  1734 | D:3      | Noticed Pargi
  1740 | D:3      | Killed Pargi
  1741 | D:3      | Reached skill level 5 in Shields
  1741 | D:3      | Reached XP level 5. HP: 37/47 MP: 4/4
  1950 | D:3      | Paralysed by Grinder for 5 turns
  1952 | D:3      | Killed from afar by Grinder

Illustrated notes

Levels and vault maps discovered:
D:1:      hellmonk_arrival_library, layout_basic, serial_shops,
          nicolae_shop_behind_doors
D:2:      layout_loops_ring, columned_hall_lemuel, uniq_crazy_yiuf_cottage
D:3:      minmay_goblin_kobold_castle, layout_rooms, uniq_pargi, uniq_grinder

Skill      XL: |  1  2  3  4  5 |
---------------+----------------+-----
Shields        | 4 5 |  5.0
Fighting       | 4 |  4.6
Dodging        | 1 2 |  2.0
Armour         | 4 |  4.0
Axes           | 3 |  3.6
Stealth        | 1 |  1.6

Action                     |  1- 3 |  4- 6 || total
---------------------------+-------+-------++-------
  Melee: War axe           |    59 |    42 ||   101
         Headbutt          |     8 |     4 ||    12
    Use: Potion            |       |     1 ||     1
 Armour: Scale mail        |    37 |    29 ||    66
  Dodge: Dodged            |    24 |    18 ||    42
  Block: Buckler           |    13 |    12 ||    25

Table legend: (Time is in decaauts)
 A = Elapsed time spent in this place.
 B = Non-inter-level travel time spent in this place.
 C = Inter-level travel time spent in this place.
 D = Time resting spent in this place.
 E = Time spent auto-exploring this place.
 F = Levels seen in this place.
 G = Mean time per level.
                   A        B        C        D        E       F      G
               +--------+--------+--------+--------+--------+-----+--------+
         Total |   1991 |   1812 |    179 |      0 |   1401 |   3 |  663.7 |
       Dungeon |   1991 |   1812 |    179 |      0 |   1401 |   3 |  663.7 |
               +--------+--------+--------+--------+--------+-----+--------+

Top non-repeatable levels by time:
     D:2: 879 daAuts
     D:1: 872 daAuts
     D:3: 238 daAuts
